 Dungeon Crawl Stone Soup version 0.19-a0-1637-gfc13266 (webtiles) character file.

84 Charly the Cudgeler (level 4, 5/45 HPs)
             Began as an Ogre Skald on Sept 19, 2016.
             Quit the game on level 5 of the Dungeon.
             The game lasted 00:20:07 (1875 turns).

Charly the Cudgeler (Ogre Skald)                    Turns: 1875, Time: 00:20:08

Health: 5/45       AC:  3    Str: 17    XL:     4   Next: 45%
Magic:  7/7        EV:  4    Int: 17    God:
Gold:   125        SH: 11    Dex:  9    Spells: 1 memorised, 6 levels left

rFire  . . .     SeeInvis .     a - +0 mace
rCold  + . .     Gourm    .     b - +0 robe
rNeg   . . .     Faith    .     l - +1 large shield (curse)
rPois  .         Spirit   .     (helmet restricted)
rElec  .         Dismiss  .     (no cloak)
rCorr  .         Reflect  .     (gloves unavailable)
MR     .....     Harm     .     (boots unavailable)
Stlth  +.........               m - amulet of inaccuracy (curse)
                                (no ring)
                                c - ring of protection from cold

@: brilliant, lethally poisoned (5 -> -2)
A: unfitting armour, tough skin 1
a: no special abilities


You were on level 5 of the Dungeon.
You were hungry.

You visited 1 branch of the dungeon, and saw 5 of its levels.

You collected 125 gold pieces.

Inventory:

Hand Weapons
 a - a +0 mace (weapon)
Armour
 b - a +0 robe (worn)
 l - a cursed +1 large shield (worn)
Jewellery
 c - a ring of protection from cold (left hand)
 m - a cursed amulet of inaccuracy (around neck)
Potions
 f - a potion of magic
 k - a potion of flight
Books
 h - a book of Battle

   Spells                             Type                      Level
   a - Infusion                       Charms                       1
   b - Shroud of Golubria             Charms/Translocation         2
   c - Song of Slaying                Charms                       2
   d - Spectral Weapon                Hexes/Charms                 3
   e - Regeneration                   Charms/Necromancy            3
Comestibles
 d - 5 bread rations
 j - 3 meat rations


   Skills:
 + Level 3.2 Fighting
 * Level 5.7 Maces & Flails
 - Level 1.3 Dodging
 - Level 2.4 Spellcasting
 - Level 2.1 Charms


You had 6 spell levels left.
You knew the following spells:

 Your Spells              Type           Power        Failure   Level  Hunger
i - Infusion              Chrm           ###.         43%         1    #......


Dungeon Overview and Level Annotations

Branches:
Dungeon (5/15)             Temple (0/1) D:4

Altars:
Fedhas
Qazlal

Annotations:
D:2 exclusion: downstairs


Innate Abilities, Weirdness & Mutations

You are too large for most types of armour.
You have tough skin. (AC +1)


Message History

* * * LOW HITPOINT WARNING * * *
You are more poisoned.
The adder poisons you!
The dart slug bites you but does no damage. x2
Unknown command.
You barely miss the adder.
You feel sick. The adder bites you but does no damage.
The dart slug launches a dart at you. The slug dart hits you!
* * * LOW HITPOINT WARNING * * *
You block the adder's attack.
The dart slug bites you but does no damage.
You barely miss the adder. You block the adder's attack.
The dart slug bites you but does no damage.
You block the dart slug's attack. The adder bites you.
* * * LOW HITPOINT WARNING * * *
You are lethally poisoned!
The adder poisons you!
Unknown command.
Are you sure you want to abandon this character and quit the game? (Confirm with "yes".)

## #####
#...#@..#
#.wwS.#
#......#
≈≈≈....!.....
≈≈≈≈#..##.....#
≈≈≈≈≈≈≈..
......
≈≈≈#≈#≈.#
.....#
≈≈≈#≈≈≈≈. ....#
≈≈≈≈≈ ....#


You could see an adder and 2 dart slugs.

Vanquished Creatures
  2 adders
  An ooze (D:1)
  A dart slug (D:1)
  2 leopard geckos
  4 orcs
  A giant cockroach (D:2)
  5 goblins
  5 hobgoblins
  3 jackals
  4 quokkas
  A ball python (D:4)
  11 bats
  3 frilled lizards
  4 kobolds
  4 rats
51 creatures vanquished.

Vanquished Creatures (others)
  A rat (D:2)
1 creature vanquished.

Grand Total: 52 creatures vanquished

Notes
Turn   | Place    | Note
-------+----------+-------------------------------------------
     0 | D:1      | Charly the Ogre Skald began the quest for the Orb.
     0 | D:1      | Reached XP level 1. HP: 22/22 MP: 3/3
    64 | D:1      | Reached skill level 3 in Maces & Flails
    84 | D:1      | Reached XP level 2. HP: 26/29 MP: 1/5
   126 | D:1      | Reached skill level 4 in Maces & Flails
   302 | D:1      | Reached XP level 3. HP: 36/36 MP: 6/6
   671 | D:2      | Found a stormy altar of Qazlal.
   803 | D:3      | Reached skill level 5 in Maces & Flails
   831 | D:3      | Noticed an ogre
   975 | D:3      | Reached XP level 4. HP: 25/45 MP: 7/7
  1137 | D:3      | Found a blossoming altar of Fedhas.
  1452 | D:4      | Noticed an ogre
  1756 | D:4      | Found a staircase to the Ecumenical Temple.
  1758 | D:4      | Noticed an ogre
  1764 | D:5      | Entered Level 5 of the Dungeon
  1875 | D:5      | Quit the game

Vault maps used:
D:1:      dpeg_arrival_tiny_b, minmay_hedge_maze, hangedman_decor_lopped
D:2:      nicolae_qazlal_eye_of_the_storm
D:3:      first_bread, fedhas_altar_2
D:4:      kennysheep_little_box, serial_shops, nicolae_shop_waterfront, shop,
          nicolae_shop_waterfront, shop
D:5:      kennysheep_slugbush, grunt_ministairs_13

Skill      XL: |  1  2  3 |
---------------+----------+-----
Maces & Flails | 3 4 5 |  5.7
Fighting       | 3 |  3.2
Dodging        | |  1.3
Spellcasting   | |  2.4
Charms         | |  2.1

Action                   |  1- 3 |  4- 6 || total
-------------------------+-------+-------++-------
Melee: Mace              |   171 |   120 ||   291
 Cast: Infusion          |     5 |       ||     5
  Use: Scroll            |     7 |     3 ||    10
       Potion            |       |     2 ||     2
  Eat: Pizza             |     3 |       ||     3
       Chunk             |       |     1 ||     1
Armor: Robe              |    74 |    60 ||   134
Dodge: Dodged            |    40 |    27 ||    67
Block: Large shield      |    99 |   118 ||   217
